 Dungeon Crawl Stone Soup version 0.28-a0-425-gd0eccab798 (webtiles) character file.

Game seed: 2975333103453219531

49 Shayle the Insei (level 4, 0/34 HPs)
             Began as a Djinni Warper on Sept 10, 2021.
             Slain by a jackal (1 damage)
             ... on level 3 of the Dungeon.
             The game lasted 00:04:56 (2834 turns).

Shayle the Insei (Djinni Warper)                    Turns: 2834, Time: 00:04:57

Health: 0/34       AC:  3    Str: 10    XL:     4   Next: 2%
Gold:   55         EV: 11    Int: 16    God:
                   SH:  0    Dex: 12

rFire   + + .      SeeInvis .     - Unarmed
rCold   x . .      Faith    .   (no shield)
rNeg    . . .      Spirit   .   a - +0 leather armour
rPois   ∞          Reflect  .   (no helmet)
rElec   .          Harm     .   (no cloak)
rCorr   .          Rampage  .   (no gloves)
Will    .....                   (boots unavailable)
Stlth   +.........              (no amulet)
HPRegen 0.11/turn               (no ring)
MPRegen 0.00/turn               (no ring)

@: flying
A: sickness immunity, fire resistance 2, cold vulnerability 1, float, innate
caster, hp casting, extra vitality 1
a: no special abilities


You were on level 3 of the Dungeon.
You visited 1 branch of the dungeon, and saw 3 of its levels.

You collected 55 gold pieces.

Inventory:

Missiles
 c - a boomerang of dispersal (quivered)
Armour
 a - a +0 leather armour (worn)
Jewellery
 h - a ring of protection from cold
Scrolls
 b - a scroll of blinking
 d - a scroll of magic mapping {unknown}
 e - 3 scrolls of silence {unknown}
 f - a scroll of identify {unknown}
 g - a scroll of enchant weapon {unknown}
Potions
 i - a potion of attraction {unknown}


   Skills:
 + Level 2.6 Fighting
 - Level 0.7 Throwing
 - Level 1.0 Armour
 - Level 2.1 Dodging
 * Level 3.1 Unarmed Combat
 + Level 2.7 Spellcasting


You couldn't memorise any spells.
You knew the following spells:

 Your Spells              Type           Power      Damage    Failure   Level
a - Blink                 Tloc           N/A        N/A       13%         2
b - Lesser Beckoning      Tloc           11%        N/A       26%         3
c - Gell's Gravitas       Tloc           5%         N/A       26%         3
d - Teleport Other        Tloc           11%        N/A       26%         3
e - Manifold Assault      Tloc           11%        N/A       93%         5
f - Beastly Appendage     Tmut           22%        N/A       9%          1
Your spell library was empty.

Dungeon Overview and Level Annotations

Branches:
Dungeon (3/15)

Altars:

Annotations:
D:3 Terence


Innate Abilities, Weirdness & Mutations

You are immune to sickness and miasma.
You are immune to poison.
Your flesh is very heat resistant. (rF++)
You are vulnerable to cold. (rC-)
You float through the air rather than walking.
You learn spells naturally, not from books.
Your magical power is your life essence.
You have superior vitality. (+4 HP)


Message History

Terence closely misses you.
You hit Terence but do no damage. Your headbutt misses Terence.
Terence hits you but does no damage.
You hit Terence but do no damage. Your headbutt misses Terence.
Terence completely misses you.
You hit Terence but do no damage. Terence misses you.
You barely miss Terence. You headbutt Terence, but do no damage.
Terence hits you with a +0 hand axe.
You barely miss Terence. Terence barely misses you.
You hit Terence but do no damage. Your headbutt misses Terence.
Terence hits you with a +0 hand axe.
You barely miss Terence. You headbutt Terence.
Terence is lightly wounded.
Terence hits you with a +0 hand axe!
Throw: 4 boomerangs (disperse)
Press: ? - help, Q - select action, (/) - cycle Shift-Dir - straight line, f - Terence
Aim: Terence, wielding a +0 hand axe and wearing a +0 chain mail (lightly wounded, 65% to hit)
You throw a boomerang of dispersal.
The boomerang of dispersal hits Terence.
Terence blinks!
Terence is lightly wounded.
Throw: 3 boomerangs (disperse)
Press: ? - help, Q - select action, (/) - cycle Shift-Dir - straight line, f/p - Terence
Aim: Terence, wielding a +0 hand axe and wearing a +0 chain mail (lightly wounded, 65% to hit)
You throw a boomerang of dispersal.
The boomerang of dispersal barely misses Terence.
The jackal barely misses you. The jackal misses you. Terence barely misses you.
Throw: 2 boomerangs (disperse)
Press: ? - help, Q - select action, (/) - cycle Shift-Dir - straight line, f/p - Terence
Aim: Terence, wielding a +0 hand axe and wearing a +0 chain mail (lightly wounded, 65% to hit)
You throw a boomerang of dispersal.
The boomerang of dispersal hits Terence but does no damage.
Terence is lightly wounded.
Your horns disappear.
The jackal bites you.
* * * LOW HITPOINT WARNING * * *
Terence hits you with a +0 hand axe!
* * * LOW HITPOINT WARNING * * *
The jackal bites you.
You die...

### #.. #.#
##### ####.#
#..<# ....#
#.### #..# #.#
######..#####.#
..........h@@.#
###############


You could see Terence and a jackal.

Vanquished Creatures
  An adder (D:2)
  A worm (D:2)
  3 ball pythons
  3 endoplasms (D:2)
  A giant cockroach (D:2)
  2 goblins
  5 hobgoblins
  5 jackals
  6 bats
  A frilled lizard (D:1)
  3 kobolds (D:1)
  3 rats
34 creatures vanquished.

Notes
Turn   | Place    | Note
-------+----------+-------------------------------------------
     0 | D:1      | Shayle the Djinni Warper began the quest for the Orb.
     0 | D:1      | Reached XP level 1. HP: 18/18 MP: 0/0
   349 | D:1      | Reached XP level 2. HP: 20/23 MP: 0/0
  1348 | D:2      | Reached XP level 3. HP: 21/29 MP: 0/0
  1348 | D:2      | Learned a level 1 spell: Beastly Appendage
  2355 | D:2      | Reached skill level 3 in Unarmed Combat
  2695 | D:2      | Reached XP level 4. HP: 34/34 MP: 0/0
  2806 | D:3      | Noticed Terence
  2834 | D:3      | HP: 1/34 [Terence (9)]
  2834 | D:3      | Slain by a jackal

Illustrated notes

Levels and vault maps discovered:
D:1:      shiori_arrival_maze, layout_loops_ring, minmay_tiny_reverse_x
D:2:      layout_basic, kennysheep_generic_room_9
D:3:      layout_basic, shapermc_ecumenical_altar_rom_forum,
          gup_sewer_entry_bubbles, serial_shops, nicolae_shop_statue_plus,
          uniq_natasha, uniq_terence, uniq_ijyb

Skill      XL: |  1  2  3 |
---------------+----------+-----
Unarmed Combat | 3 |  3.1
Fighting       | |  2.6
Throwing       | |  0.7
Armour         | |  1.0
Dodging        | |  2.1
Spellcasting   | |  2.7

Action                   |  1- 3 |  4- 6 || total
-------------------------+-------+-------++-------
Melee: Unarmed           |   143 |    19 ||   162
       Headbutt          |     7 |     3 ||    10
       Punch             |     1 |       ||     1
Throw: Boomerang         |     1 |     3 ||     4
 Cast: Beastly Appendage |     6 |     1 ||     7
       Blink             |     1 |       ||     1
 Stab: Sleeping          |     1 |       ||     1
Armor: Leather armour    |    37 |     3 ||    40
Dodge: Dodged            |    91 |    16 ||   107

Table legend: (Time is in decaauts)
 A = Elapsed time spent in this place.
 B = Non-inter-level travel time spent in this place.
 C = Inter-level travel time spent in this place.
 D = Time resting spent in this place.
 E = Time spent auto-exploring this place.
 F = Levels seen in this place.
 G = Mean time per level.
                   A        B        C        D        E       F      G
               +--------+--------+--------+--------+--------+-----+--------+
         Total |   2825 |   2736 |     89 |    236 |   2129 |   3 |  941.7 |
       Dungeon |   2825 |   2736 |     89 |    236 |   2129 |   3 |  941.7 |
               +--------+--------+--------+--------+--------+-----+--------+

Top non-repeatable levels by time:
     D:2: 1485 daAuts
     D:1: 1301 daAuts
     D:3: 38 daAuts
